 Dungeon Crawl Stone Soup version 0.30-a0-141-g30f27751c5 (webtiles) character file.

Game seed: 12220139070548435513

2526 qw the Cleaver (level 9, -4/54 HPs)
             Began as a Gargoyle Fighter on Sept 25, 2022.
             Was an Initiate of Okawaru.
             Slain by Maurice
             ... wielding a +0 whip
              (6 damage)
             ... on level 8 of the Dungeon.
             The game lasted 00:02:24 (6226 turns).

qw the Cleaver (Gargoyle Fighter)                   Turns: 6226, Time: 00:02:25

Health: -4/54      AC: 22    Str: 24    XL:     9   Next: 54%
Magic:  7/9        EV:  7    Int:  9    God:    Okawaru [......]
Gold:   283        SH: 17    Dex: 17    Spells: 8/8 levels left

rFire   . . .      SeeInvis .    Y - +1 war axe (freeze)
rCold   . . .      Faith    .    l - +6 kite shield of Damiohit {Dex+2}
rNeg    + . .      Spirit   .    o - +0 plate armour
rPois   inf        Reflect  .    a - +2 helmet
rElec   +          Harm     .    e - +0 cloak
rCorr   .          Rampage  .    k - +1 pair of gloves
Will    .....                    j - +0 pair of boots
Stlth   ..........               (no amulet)
HPRegen 0.18/turn                i - +4 ring of slaying {mikee}
MPRegen 0.11/turn                m - +6 ring of dexterity

@: about to teleport, corroded
A: sickness immunity, AC +6, negative energy resistance 1, electricity
resistance, torment resistance 1, petrification resistance
a: Renounce Religion


You were on level 8 of the Dungeon.
You worshipped Okawaru.
Okawaru was noncommittal.
You visited 2 branches of the dungeon, and saw 9 of its levels.

You collected 373 gold pieces.
You spent 90 gold pieces at shops.


Innate Abilities, Weirdness & Mutations

You are immune to sickness and miasma.
Your stone body is resilient. (AC +6)
You are immune to poison.
You resist negative energy. (rN+)
You are resistant to electric shocks. (rElec)
You are resistant to unholy torment.
You are immune to petrification.


   Skills:
 + Level 5.6 Fighting
 - Level 8.0 Axes
 - Level 1.7 Throwing
 - Level 5.4 Armour
 - Level 3.1 Dodging
 - Level 7.1 Shields


You had 8 spell levels left.
You didn't know any spells.
Your spell library was empty.

Inventory:

Hand Weapons
 Y - a +1 war axe of freezing (weapon)
Missiles
 n - a boomerang (quivered)
Armour
 a - a +2 helmet (worn)
 e - a +0 cloak (worn)
 j - a +0 pair of boots (worn)
 k - a +1 pair of gloves (worn)
 l - the +6 kite shield of Damiohit (worn) {Dex+2}
   (You acquired it on level 3 of the Dungeon)

   Dex:       It affects your dexterity (+2).
 o - a +0 plate armour (worn)
Jewellery
 i - a +4 ring of slaying (left hand) {mikee}
 m - a +6 ring of dexterity (right hand)
Scrolls
 g - a scroll of identify
Potions
 b - a potion of heal wounds
 d - a potion of might
 f - a potion of cancellation {unknown}
 h - a potion of ambrosia {unknown}
 p - 2 potions of curing
 r - a potion of mutation {unknown}
 u - a potion of haste

Dungeon Overview and Level Annotations

Branches:
Dungeon (8/15)             Temple (1/1) D:4
   Lair: D:8-11

Altars:
Ashenzari
Cheibriados
Dithmenos
Elyvilon
Fedhas
Gozag
Hepliaklqana
Kikubaaqudgha
Nemelex Xobeh
Okawaru
Qazlal
Ru
Sif Muna
Trog
Uskayaw
Vehumet
Wu Jian
Xom
Yredelemnul
Zin
The Shining One

Shops:
D:2 (   D:6 [

Annotations:
D:7 2 transporters, qw's ghost, novice GrFi
D:8 Maurice


Message History

The gnoll hits you with a +0 halberd. The gnoll sergeant barely misses you.
Something hits you.
Something steals 3 of your 5 potions of curing!
You hit the gnoll. You freeze the gnoll.
The gnoll is heavily wounded.
You hit something but do no damage. You hit the gnoll but do no damage.
You hit the gnoll sergeant but do no damage.
You block the gnoll's attack. You block something's attack.
The gnoll hits you but does no damage. You block the gnoll sergeant's attack.
The gnoll sergeant hits you but does no damage.
You block the gnoll's attack. The gnoll hits you with a +0 halberd!
Something hits you but does no damage.
You slash the gnoll! You freeze the gnoll.
You kill the gnoll!
Okawaru accepts your kill.
You miss something. You slash the gnoll! You freeze the gnoll.
You kill the gnoll!
Okawaru accepts your kill.
You hit the gnoll sergeant but do no damage.
You hear some strange, mumbled words.
You barely miss the gnoll sergeant. You closely miss something.
A gnoll comes into view. It is wielding a +0 spear.
You block the gnoll sergeant's attack. Something hits you but does no damage.
You slash the gnoll sergeant! You freeze the gnoll sergeant.
The gnoll sergeant is heavily wounded.
You miss something. You hit the gnoll sergeant. You freeze the gnoll sergeant.
You block the gnoll sergeant's attack.
The gnoll sergeant hits you with a +4 antimagic spear!
You feel your power leaking away.
A gnoll comes into view. It is wielding a +0 flail.
Something hits you.
Something steals your +1 hand axe of flaming!
6226 ||| READING scroll of teleportation.
As you read the scroll of teleportation, it crumbles to dust.
You feel strangely unstable.
The gnoll shouts!
A gnoll comes into view. It is wielding a +0 spear.
The gnoll sergeant hits you with a +0 hand axe.
You block the gnoll sergeant's attack. Something hits you.
You die...

...#######.
##.........
#.........#
#.........##
#..........###
#..........g..
#.....{g..#
##.....@g##..
#....<)))..gg..
####.....######
###...# #####


You could see 2 gnoll sergeants and 3 gnolls.

Vanquished Creatures
  Pikel (D:7)
  Sigmund (D:3)
  Menkaure (D:7)
  A water moccasin (D:7)
  A black bear (D:5)
  4 centaurs
  An ogre (D:7)
  A phantom (D:5)
  A lemure (D:7)
  3 necrophages
  A bullfrog (D:7)
  2 scorpions
  A howler monkey (D:7)
  3 hounds
  A gnoll bouda (D:5)
  An orc priest (D:4)
  A jelly (D:7)
  Jessica (D:3)
  An orc wizard (D:6)
  Ijyb (D:4)
  Natasha (thrice) (D:2)
  3 iguanas
  A mummy (D:4)
  Robin (D:2)
  11 gnolls
  5 adders
  2 white imps (D:6)
  2 ufetubi
  A worm (D:3)
  A dart slug (D:4)
  21 orcs
  4 endoplasms
  5 giant cockroaches
  16 goblins
  12 hobgoblins
  10 jackals
  9 kobolds
  2 quokkas
  8 ball pythons
  7 bats
  A frilled lizard (D:1)
  A hobgoblin zombie (D:4)
  A kobold zombie (D:4)
  5 rats
  A spectral kobold (D:5)
161 creatures vanquished.

Vanquished Creatures (others)
  2 gnolls (D:8)
  6 plants (D:7)
8 creatures vanquished.

Grand Total: 169 creatures vanquished

Notes
Turn   | Place    | Note
-------+----------+-------------------------------------------
     0 | D:1      | qw the Gargoyle Fighter began the quest for the Orb.
     0 | D:1      | Reached XP level 1. HP: 14/14 MP: 1/1
     0 | D:1      | 0 ||| qw: Version: 0.2-a-10-g399e6c4
     0 | D:1      | 0 ||| qw: Game counter: 245
     0 | D:1      | 0 ||| qw: Always use a shield: true
     0 | D:1      | 0 ||| qw: God list: Okawaru
     0 | D:1      | 0 ||| qw: Allow faded altars: false
     0 | D:1      | 0 ||| qw: Do Orc after D:15 true
     0 | D:1      | 0 ||| qw: Do second Lair branch before Depths: true
     0 | D:1      | 0 ||| qw: Lair rune preference: random
     0 | D:1      | 0 ||| qw: Plans: Normal, Zot:1-4, God:TSO, Crypt, Tomb,
                  | Pan, Slime:5, Hells, Abyss, Orb
     0 | D:1      | 0 ||| PLANNING D:1-11
    42 | D:1      | Reached skill level 2 in Axes
   120 | D:1      | 120 ||| Stepping ~*~*~tactically~*~*~ (stealth).
   128 | D:1      | 128 ||| Stepping ~*~*~tactically~*~*~ (stealth).
   242 | D:1      | Reached XP level 2. HP: 5/19 MP: 2/2
   242 | D:1      | HP: 3/19 [jackal (2)]
   652 | D:1      | 652 ||| DROPPING +0 club.
   844 | D:1      | Reached skill level 3 in Axes
   924 | D:1      | Reached XP level 3. HP: 23/23 MP: 3/3
  1181 | D:1      | 1181 ||| UPGRADING to +0 chain mail.
  1191 | D:1      | 1191 ||| DROPPING +0 scale mail.
  1192 | D:1      | 1192 ||| UPGRADING to +0 pair of boots.
  1197 | D:1      | 1197 ||| UPGRADING to +4 ring of slaying {mikee}.
  1198 | D:1      | 1198 ||| READING scroll labelled SERYIKH PUHUKO.
  1199 | D:1      | 1199 ||| READING scroll labelled SAVURO HUICO.
  1200 | D:1      | 1200 ||| READING scroll labelled ZUMPURGH KATO.
  1204 | D:1      | 1204 ||| READING scroll labelled CUJUEH JYPU.
  1205 | D:1      | 1205 ||| READING scroll labelled HUANKO SISATZ.
  1222 | D:2      | Noticed Natasha
  1223 | D:2      | 1223 ||| Stepping ~*~*~tactically~*~*~ (stealth).
  1226 | D:2      | 1226 ||| Stepping ~*~*~tactically~*~*~ (stealth).
  1227 | D:2      | 1227 ||| Stepping ~*~*~tactically~*~*~ (stealth).
  1227 | D:2      | Noticed Robin
  1228 | D:2      | 1228 ||| Stepping ~*~*~tactically~*~*~ (stealth).
  1236 | D:2      | Killed Natasha
  1237 | D:2      | Reached XP level 4. HP: 20/28 MP: 4/4
  1242 | D:2      | Killed Robin
  1243 | D:2      | Reached skill level 4 in Axes
  1487 | D:2      | Found a faded altar of an unknown god.
  1572 | D:2      | Identified the +4 leather armour of the Pits of Slime
                  | {Will+ Dex+2}
  1678 | D:2      | Noticed Natasha
  1679 | D:2      | 1679 ||| Stepping ~*~*~tactically~*~*~ (hiding).
  1680 | D:2      | 1680 ||| Stepping ~*~*~tactically~*~*~ (hiding).
  1686 | D:2      | Killed Natasha
  1720 | D:2      | Noticed Natasha
  1727 | D:2      | Killed Natasha
  1728 | D:2      | Reached XP level 5. HP: 25/32 MP: 5/5
  1798 | D:2      | Found Tovuruuff's Weapon Shoppe.
  2065 | D:2      | 2065 ||| UPGRADING to +0 helmet.
  2070 | D:2      | 2070 ||| UPGRADING to +6 ring of dexterity.
  2071 | D:2      | 2071 ||| READING scroll labelled KUSHRI CONA.
  2072 | D:2      | 2072 ||| DRINKING 2 fizzy pink potions.
  2073 | D:2      | 2073 ||| DROPPING potion of flight.
  2112 | D:3      | 2112 ||| Stepping ~*~*~tactically~*~*~ (stealth).
  2157 | D:3      | 2157 ||| Stepping ~*~*~tactically~*~*~ (stealth).
  2171 | D:3      | Noticed Sigmund
  2190 | D:3      | Killed Sigmund
  2191 | D:3      | Reached skill level 3 in Dodging
  2191 | D:3      | Reached XP level 6. HP: 22/37 MP: 6/6
  2322 | D:3      | Found an ancient bone altar of Kikubaaqudgha.
  2336 | D:3      | Found a blossoming altar of Fedhas.
  2399 | D:3      | Found an ornate altar of the Wu Jian Council.
  2407 | D:3      | Found a bloodstained altar of Trog.
  2495 | D:3      | Noticed Jessica
  2496 | D:3      | 2496 ||| Stepping ~*~*~tactically~*~*~ (stealth).
  2519 | D:3      | 2519 ||| Stepping ~*~*~tactically~*~*~ (stealth).
  2521 | D:3      | 2521 ||| Stepping ~*~*~tactically~*~*~ (stealth).
  2523 | D:3      | 2523 ||| Stepping ~*~*~tactically~*~*~ (hiding).
  2527 | D:3      | Killed Jessica
  2528 | D:3      | Reached skill level 5 in Axes
  2673 | D:3      | 2673 ||| DROPPING ring of magical power.
  2674 | D:3      | 2674 ||| READING scroll labelled EFISMY DOMP.
  2730 | D:3      | 2730 ||| READING scroll labelled BIOPUSCH LUHEUG.
  2731 | D:3      | 2731 ||| READING scroll labelled TAN FETEORANK.
  2731 | D:3      | Identified a scroll of acquirement
  2731 | D:3      | 2731 ||| ACQUIRING +6 kite shield of Damiohit {Dex+2}
  2731 | D:3      | Acquired the +6 kite shield of Damiohit {Dex+2}
  2733 | D:3      | 2733 ||| UPGRADING to +6 kite shield of Damiohit {Dex+2}.
  2743 | D:3      | 2743 ||| DROPPING +0 buckler.
  2744 | D:3      | 2744 ||| READING scroll labelled RORPHI IGETUOSUCEY.
  2745 | D:3      | 2745 ||| READING scroll labelled HES MOUFYMM.
  2746 | D:3      | 2746 ||| DRINKING 2 white potions.
  2747 | D:3      | 2747 ||| DRINKING 2 sedimented grey potions.
  2748 | D:3      | 2748 ||| DROPPING potion of degeneration.
  2765 | D:4      | 2765 ||| PLANNING SEWER
  2861 | D:4      | Reached XP level 7. HP: 37/41 MP: 7/7
  2895 | D:4      | 2895 ||| Stepping ~*~*~tactically~*~*~ (stealth).
  2909 | D:4      | 2909 ||| Stepping ~*~*~tactically~*~*~ (stealth).
  2910 | D:4      | 2910 ||| DROPPING +0 whip.
  2916 | D:4      | 2916 ||| Stepping ~*~*~tactically~*~*~ (stealth).
  2917 | D:4      | 2917 ||| Stepping ~*~*~tactically~*~*~ (stealth).
  2924 | D:4      | 2924 ||| Stepping ~*~*~tactically~*~*~ (stealth).
  2936 | D:4      | 2936 ||| Stepping ~*~*~tactically~*~*~ (stealth).
  2951 | D:4      | 2951 ||| Stepping ~*~*~tactically~*~*~ (stealth).
  2952 | D:4      | Found a sand-covered staircase.
  2957 | D:4      | Noticed Ijyb
  2957 | D:4      | Paralysed by Ijyb for 2 turns
  2959 | D:4      | 2959 ||| Stepping ~*~*~tactically~*~*~ (hiding).
  2968 | D:4      | Killed Ijyb
  2983 | D:4      | 2983 ||| Stepping ~*~*~tactically~*~*~ (stealth).
  2985 | D:4      | 2985 ||| Stepping ~*~*~tactically~*~*~ (stealth).
  2988 | D:4      | 2988 ||| Stepping ~*~*~tactically~*~*~ (stealth).
  3096 | D:4      | Found a staircase to the Ecumenical Temple.
  3744 | D:4      | 3744 ||| RIP SEWER
  3744 | D:4      | 3744 ||| RIP OSSUARY
  3744 | D:4      | 3744 ||| PLANNING TEMPLE
  3744 | D:4      | 3744 ||| UPGRADING to +0 plate armour.
  3754 | D:4      | 3754 ||| DROPPING +0 chain mail.
  3755 | D:4      | 3755 ||| READING scroll labelled PEEROU HEETYAMPA.
  3756 | D:4      | 3756 ||| READING scroll labelled FAONETZEMUO.
  3777 | Temple   | Entered the Ecumenical Temple
  3872 | Temple   | 3872 ||| PLANNING D:1-11
  3894 | D:5      | Entered Level 5 of the Dungeon
  3993 | D:5      | 3993 ||| Stepping ~*~*~tactically~*~*~ (hiding).
  3999 | D:5      | Reached XP level 8. HP: 39/48 MP: 8/8
  4000 | D:5      | Reached skill level 6 in Axes
  4223 | D:5      | Reached skill level 6 in Shields
  4264 | D:5      | Found a sparkling altar of Nemelex Xobeh.
  4356 | D:5      | 4356 ||| DROPPING +0 whip of freezing.
  4357 | D:5      | Found a stormy altar of Qazlal.
  4422 | D:5      | Found a hazy altar of Hepliaklqana.
  4424 | D:5      | 4424 ||| Stepping ~*~*~tactically~*~*~ (stealth).
  4468 | D:5      | Found a shimmering blue altar of Sif Muna.
  4527 | D:5      | 4527 ||| READING scroll labelled AKANKA DOT SUFF.
  4528 | D:5      | 4528 ||| DRINKING 2 emerald potions.
  4529 | D:5      | 4529 ||| READING 2 scrolls of identify.
  4529 | D:5      | 4529 ||| IDENTIFYING brown potion
  4632 | D:6      | 4632 ||| Stepping ~*~*~tactically~*~*~ (stealth).
  4633 | D:6      | 4633 ||| Stepping ~*~*~tactically~*~*~ (stealth).
  4635 | D:6      | 4635 ||| Stepping ~*~*~tactically~*~*~ (stealth).
  4660 | D:6      | 4660 ||| READING 2 scrolls of enchant armour.
  4660 | D:6      | 4660 ||| ENCHANTING +0 helmet.
  4661 | D:6      | 4661 ||| READING scroll of enchant armour.
  4661 | D:6      | 4661 ||| ENCHANTING +1 helmet.
  4812 | D:6      | Found Jairuux's Armour Shoppe.
  4815 | D:6      | 4815 ||| Stepping ~*~*~tactically~*~*~ (hiding).
  4844 | D:6      | 4844 ||| BUYING +0 cloak (45 gold).
  4844 | D:6      | Bought a +0 cloak for 45 gold pieces
  4844 | D:6      | 4844 ||| SHOPLISTING +0 fire dragon scales (600 gold, have
                  | 229).
  4844 | D:6      | 4844 ||| BUYING +0 pair of gloves (45 gold).
  4844 | D:6      | Bought a +0 pair of gloves for 45 gold pieces
  4844 | D:6      | 4844 ||| SHOPLISTING +18 shield of the Gong {rElec rN+
                  | Will+ EV-5} (973 gold, have 184).
  4891 | D:6      | 4891 ||| Stepping ~*~*~tactically~*~*~ (hiding).
  4895 | D:6      | 4895 ||| STAIRDANCE
  4999 | D:5      | 4999 ||| UPGRADING to +0 cloak.
  5004 | D:5      | 5004 ||| UPGRADING to +0 pair of gloves.
  5009 | D:5      | 5009 ||| READING 2 scrolls of identify.
  5009 | D:5      | 5009 ||| IDENTIFYING bubbling puce potion
  5013 | D:6      | 5013 ||| Stepping ~*~*~tactically~*~*~ (hiding).
  5014 | D:6      | 5014 ||| Stepping ~*~*~tactically~*~*~ (hiding).
  5015 | D:6      | 5015 ||| Stepping ~*~*~tactically~*~*~ (hiding).
  5450 | D:7      | 5450 ||| Stepping ~*~*~tactically~*~*~ (hiding).
  5451 | D:7      | 5451 ||| Stepping ~*~*~tactically~*~*~ (hiding).
  5472 | D:7      | 5472 ||| Stepping ~*~*~tactically~*~*~ (stealth).
  5482 | D:7      | 5482 ||| DROPPING +0 flail.
  5509 | D:7      | 5509 ||| Stepping ~*~*~tactically~*~*~ (stealth).
  5510 | D:7      | 5510 ||| Stepping ~*~*~tactically~*~*~ (stealth).
  5516 | D:7      | Noticed Pikel
  5526 | D:7      | Killed Pikel
  5527 | D:7      | Reached skill level 8 in Axes
  5527 | D:7      | Reached XP level 9. HP: 52/52 MP: 9/9
  5571 | D:7      | Found a transporter.
  5588 | D:7      | Found a transporter.
  5592 | D:7      | 5592 ||| Stepping ~*~*~tactically~*~*~ (hiding).
  5646 | D:7      | Noticed Menkaure
  5656 | D:7      | Killed Menkaure
  5758 | D:7      | 5758 ||| Stepping ~*~*~tactically~*~*~ (hiding).
  5873 | D:7      | 5873 ||| READING scroll of enchant armour.
  5873 | D:7      | 5873 ||| ENCHANTING +0 pair of gloves.
  5914 | D:7      | Found an iron altar of Okawaru.
  5915 | D:7      | 5915 ||| PLANNING OKAWARU WORSHIP
  5922 | D:7      | Became a worshipper of Warmaster Okawaru
  5923 | D:7      | 5923 ||| PLANNING D:1-11
  5938 | D:7      | Reached skill level 1 in Throwing
  6050 | D:7      | Identified the +1 kite shield of Circular Logic {rN++
                  | Dex+3}
  6054 | D:7      | Identified the amulet "Tionom" {RegenMP Harm Dex+8 Stlth-}
  6061 | D:7      | Noticed qw's ghost (novice GrFi)
  6209 | D:8      | Noticed Maurice
  6225 | D:8      | HP: 8/54 [gnoll sergeant/+4 antimagic spear (7)]
  6226 | D:8      | 6226 ||| READING scroll of teleportation.
  6226 | D:8      | HP: 2/54 [gnoll sergeant/+0 hand axe (4)]
  6226 | D:8      | Slain by Maurice

Levels and vault maps discovered:
D:1:      kilobyte_arrival_exit_the_forest, layout_basic
D:2:      layout_basic, serial_shops, nicolae_shop_bloodbath_and_beyond,
          shapermc_ecumenical_altar_notcrosses, uniq_robin, uniq_natasha
D:3:      layout_rooms, grunt_temple_overflow_growth_and_decay,
          mainiacjoe_overflow_big_doors, uniq_sigmund, uniq_jessica
D:4:      layout_basic, minmay_temple_entry_glass, nicolae_ossuary_entry_giza,
          gup_sewer_entry_pipe, uniq_ijyb
D:5:      layout_rooms, kennysheep_little_box,
          nicolae_hepliaklqana_monster_ancestors, led_sif_pool,
          nicolae_qazlal_scattered_showers
D:6:      wad_pebble_path, layout_loops_ring, serial_shops, shop
D:7:      layout_rooms, mainiacjoe_overflow_surrounded_room,
          gammafunk_ghost_gnarly_gnolls, uniq_menkaure, uniq_pikel
D:8:      layout_rooms, mainiacjoe_overflow_cross_hatched, enter_bailey_3,
          uniq_grum, uniq_maurice
Temple:   hc_temple_tempest_star

Skill      XL: |  1  2  3  4  5  6  7  8  9 |
---------------+----------------------------+-----
Axes           | 2 3 4 5 8 |  8.0
Dodging        | 3 |  3.1
Shields        | 4 5 6 7 |  7.1
Fighting       | 4 5 |  5.6
Armour         | 4 5 |  5.4
Throwing       | 1 |  1.7

Action                   |  1- 3 |  4- 6 |  7- 9 || total
-------------------------+-------+-------+-------++-------
Melee: War axe           |    69 |   118 |   194 ||   381
Throw: Boomerang         |       |       |     5 ||     5
  Use: Scroll            |     5 |     6 |     9 ||    20
       Potion            |       |     3 |     1 ||     4
Armor: Scale mail        |    42 |       |       ||    42
       Chain mail        |    10 |    67 |    18 ||    95
       Plate armour      |       |       |    67 ||    67
Dodge: Dodged            |    50 |    34 |    31 ||   115
Block: Buckler           |    15 |    16 |       ||    31
       Kite shield       |       |    13 |   153 ||   166

Table legend:
 A = Non-vault XP
 B = Vault XP
 C = Vault XP percentage of total XP
 D = Non-vault monster count
 E = Vault monster count
 F = Vault count percentage of total count
                 A         B        C        D         E       F
            +---------+---------+-------+---------+---------+-------
      Total |    2416 |    1193 |  33.1 |     134 |      27 |  16.8
            +---------+---------+-------+---------+---------+-------
        D:1 |      42 |       0 |   0.0 |      26 |       0 |   0.0
        D:2 |      92 |      72 |  43.9 |      15 |      13 |  46.4
        D:3 |      68 |     268 |  79.8 |      21 |       2 |   8.7
        D:4 |     367 |      64 |  14.8 |      25 |       8 |  24.2
        D:5 |     565 |       3 |   0.5 |      12 |       2 |  14.3
        D:6 |     201 |       0 |   0.0 |      11 |       0 |   0.0
        D:7 |    1014 |     786 |  43.7 |      18 |       2 |  10.0
        D:8 |      67 |       0 |   0.0 |       6 |       0 |   0.0
            +---------+---------+-------+---------+---------+-------
